| TOP OF THE 1ST |
|
Salt Lake Bees batting - Pitching for Toledo Mud Hens : RHP Ramiro Silva
|
|
Pitching: RHP Ramiro Silva
|
|
|
Batting: SHB Butch Brown
|
0-0: Ball 1-0: Called Strike 1-1: Called Strike 1-2: Strikes out swinging
|
|
Batting: LHB Brett Bugge
|
0-0: Ball 1-0: Called Strike 1-1: Called Strike 1-2: Ball 2-2: Ball 3-2: Foul Ball, location: 2F 3-2: Ground out 5-3 (Groundball, 5, EV 83.8 MPH)
|
|
Batting: LHB Micah Miller
|
0-0: Ball 1-0: Called Strike 1-1: Swinging Strike 1-2: Ball 2-2: Ground out U3 (Groundball, 3, EV 105.0 MPH)
|
| Top of the 1st over - 0 runs, 0 hits, 0 errors, 0 left on base; Salt Lake 0 - Toledo 0 |
| BOTTOM OF THE 1ST |
|
Toledo Mud Hens batting - Pitching for Salt Lake Bees : RHP Ricky Castillo
|
|
Pitching: RHP Ricky Castillo
|
|
|
Batting: RHB Brandon O'Malley
|
0-0: Fly out, F8 (Flyball, 8LD, EV 101.2 MPH)
|
|
Batting: SHB Willie Medina
|
0-0: Called Strike 0-1: Ball 1-1: Ball 2-1: Foul Ball, location: 2F 2-2: Strikes out looking
|
|
Batting: RHB Willis Morales
|
0-0: Ball 1-0: Ball 2-0: Ground out 6-3 (Groundball, 6, EV 83.8 MPH)
|
| Bottom of the 1st over - 0 runs, 0 hits, 0 errors, 0 left on base; Salt Lake 0 - Toledo 0 |
| TOP OF THE 2ND |
|
Salt Lake Bees batting - Pitching for Toledo Mud Hens : RHP Ramiro Silva
|
|
Batting: SHB Mario Padron
|
0-0: Called Strike 0-1: Ball 1-1: Foul Ball, location: 2F 1-2: Foul Ball, location: 2F 1-2: Strikes out swinging
|
|
Batting: RHB Kian-tat Chen
|
0-0: Ball 1-0: Ball 2-0: Ball 3-0: Called Strike 3-1: DOUBLE (Groundball, 5L, EV 96.2 MPH)
|
|
Batting: RHB Brandon Davis
|
0-0: Ball 1-0: Ball 2-0: Fly out, F7 (Flyball, 7LM, EV 78.8 MPH)
|
|
Batting: RHB Josh Faulconer
|
0-0: Ball 1-0: Ball 2-0: Called Strike 2-1: Fly out, F9 (Flyball, 89D, EV 89.4 MPH)
|
| Top of the 2nd over - 0 runs, 1 hit, 0 errors, 1 left on base; Salt Lake 0 - Toledo 0 |
| BOTTOM OF THE 2ND |
|
Toledo Mud Hens batting - Pitching for Salt Lake Bees : RHP Ricky Castillo
|
|
Batting: RHB John Evancho
|
0-0: Ball 1-0: Called Strike 1-1: Foul Ball, location: 2F 1-2: Ball 2-2: Strikes out swinging
|
|
Batting: RHB Eric Garrett
|
0-0: Called Strike 0-1: Swinging Strike 0-2: Ball 1-2: Ball 2-2: Ball 3-2: DOUBLE (Flyball, 8RXD, EV 104.4 MPH)
|
|
Batting: RHB Tony Soto
|
0-0: Ball 1-0: Fly out, F9 (Flyball, 9LS, EV 93.1 MPH)
|
|
Batting: RHB Adam MacConnell
|
0-0: Foul Ball, location: 2F 0-1: Called Strike 0-2: Ball 1-2: Ball 2-2: Foul Ball, location: 2F 2-2: Strikes out swinging
|
| Bottom of the 2nd over - 0 runs, 1 hit, 0 errors, 1 left on base; Salt Lake 0 - Toledo 0 |
| TOP OF THE 3RD |
|
Salt Lake Bees batting - Pitching for Toledo Mud Hens : RHP Ramiro Silva
|
|
Batting: RHB Timoleon Tsikouna
|
0-0: Foul Ball, location: 2F 0-1: Ball 1-1: Ground out U3 (Groundball, 13, EV 87.5 MPH)
|
|
Batting: LHB Larry Prey
|
0-0: Ball 1-0: Foul Ball, location: 2F 1-1: Ball 2-1: Called Strike 2-2: Ground out 1-3 (Groundball, 34S, EV 75.0 MPH)
|
|
Batting: SHB Butch Brown
|
0-0: Ball 1-0: Foul Ball, location: 2F 1-1: Ground out 1-3 (Groundball, 13S, EV 70.0 MPH)
|
| Top of the 3rd over - 0 runs, 0 hits, 0 errors, 0 left on base; Salt Lake 0 - Toledo 0 |
| BOTTOM OF THE 3RD |
|
Toledo Mud Hens batting - Pitching for Salt Lake Bees : RHP Ricky Castillo
|
|
Batting: RHB Carlos Armenteros
|
0-0: Foul Ball, location: 2F 0-1: Foul Ball, location: 2F 0-2: Strikes out swinging
|
|
Batting: SHB Scott Bartholomew
|
0-0: Called Strike 0-1: Called Strike 0-2: Strikes out swinging
|
|
Batting: RHB Brandon O'Malley
|
0-0: Ball 1-0: Ball 2-0: Foul Ball, location: 2F 2-1: Ball 3-1: Ground out 3-1 (Groundball, 34, EV 98.1 MPH)
|
| Bottom of the 3rd over - 0 runs, 0 hits, 0 errors, 0 left on base; Salt Lake 0 - Toledo 0 |
| TOP OF THE 4TH |
|
Salt Lake Bees batting - Pitching for Toledo Mud Hens : RHP Ramiro Silva
|
|
Batting: LHB Brett Bugge
|
0-0: Ball 1-0: Ball 2-0: Swinging Strike 2-1: Called Strike 2-2: Foul Ball, location: 2F 2-2: Strikes out swinging
|
|
Batting: LHB Micah Miller
|
0-0: Ball 1-0: Swinging Strike 1-1: Foul Ball, location: 2F 1-2: Ball 2-2: Strikes out looking
|
|
Batting: SHB Mario Padron
|
0-0: Called Strike 0-1: Foul Ball, location: 2F 0-2: Ball 1-2: Ground out 4-3 (Groundball, 4, EV 85.6 MPH)
|
| Top of the 4th over - 0 runs, 0 hits, 0 errors, 0 left on base; Salt Lake 0 - Toledo 0 |
| BOTTOM OF THE 4TH |
|
Toledo Mud Hens batting - Pitching for Salt Lake Bees : RHP Ricky Castillo
|
|
Batting: SHB Willie Medina
|
0-0: Ground out 6-3 (Groundball, 6, EV 76.9 MPH)
|
|
Batting: RHB Willis Morales
|
0-0: Ball 1-0: SINGLE (Groundball, 6M, EV 96.2 MPH)
|
|
Batting: RHB John Evancho
|
0-0: Called Strike Willis Morales steals 2nd base 0-1: Ball 1-1: Fly out, F7 (Line Drive, 7, EV 110.6 MPH)
|
|
Batting: RHB Eric Garrett
|
0-0: Swinging Strike 0-1: Ground out 5-3 (Groundball, 56S, EV 86.2 MPH)
|
| Bottom of the 4th over - 0 runs, 1 hit, 0 errors, 1 left on base; Salt Lake 0 - Toledo 0 |
| TOP OF THE 5TH |
|
Salt Lake Bees batting - Pitching for Toledo Mud Hens : RHP Ramiro Silva
|
|
Batting: RHB Kian-tat Chen
|
0-0: Foul Ball, location: 2F 0-1: Ball 1-1: Ball 2-1: Ground out 4-3 (Groundball, 34, EV 105.0 MPH)
|
|
Batting: RHB Brandon Davis
|
0-0: Fly out, F8 (Flyball, 8RM, EV 82.5 MPH)
|
|
Batting: RHB Josh Faulconer
|
0-0: Called Strike 0-1: Called Strike 0-2: Strikes out looking
|
| Top of the 5th over - 0 runs, 0 hits, 0 errors, 0 left on base; Salt Lake 0 - Toledo 0 |
| BOTTOM OF THE 5TH |
|
Toledo Mud Hens batting - Pitching for Salt Lake Bees : RHP Ricky Castillo
|
|
Batting: RHB Tony Soto
|
0-0: Ball 1-0: Fly out, F2 (Popup, 2LF, EV 97.5 MPH)
|
|
Batting: RHB Adam MacConnell
|
0-0: Fly out, F9 (Flyball, 9S, EV 87.5 MPH)
|
|
Batting: RHB Carlos Armenteros
|
0-0: Called Strike 0-1: Called Strike 0-2: Strikes out swinging
|
| Bottom of the 5th over - 0 runs, 0 hits, 0 errors, 0 left on base; Salt Lake 0 - Toledo 0 |
| TOP OF THE 6TH |
|
Salt Lake Bees batting - Pitching for Toledo Mud Hens : RHP Ramiro Silva
|
|
Batting: RHB Timoleon Tsikouna
|
0-0: Foul Ball, location: 2F 0-1: Swinging Strike 0-2: Strikes out swinging
|
|
Batting: LHB Larry Prey
|
0-0: Called Strike 0-1: Ball 1-1: SINGLE (Line Drive, 8LS, EV 91.9 MPH)
|
|
Batting: SHB Butch Brown
|
0-0: Called Strike Larry Prey is caught stealing 2nd base 2-6 0-1: Ball 1-1: Ball 2-1: Ball 3-1: Fly out, F8 (Flyball, 8LM, EV 91.2 MPH)
|
| Top of the 6th over - 0 runs, 1 hit, 0 errors, 0 left on base; Salt Lake 0 - Toledo 0 |
| BOTTOM OF THE 6TH |
|
Toledo Mud Hens batting - Pitching for Salt Lake Bees : RHP Ricky Castillo
|
|
Batting: SHB Scott Bartholomew
|
0-0: Ball 1-0: Ball 2-0: SINGLE (Groundball, 6D, EV 96.9 MPH)
|
|
Batting: RHB Brandon O'Malley
|
0-0: SINGLE (Groundball, 6MD, EV 94.4 MPH) Scott Bartholomew to second
|
|
Batting: SHB Willie Medina
|
0-0: Called Strike 0-1: Ball 1-1: Ball 2-1: Ball 3-1: Foul Ball, location: 2F 3-2: Ground out 3-1 (Groundball, 34S, EV 70.0 MPH) Scott Bartholomew to third Brandon O'Malley to second
|
|
Batting: RHB Willis Morales
|
0-0: Called Strike 0-1: Foul Ball, location: 2F 0-2: SINGLE (Line Drive, 9S, EV 95.0 MPH) Scott Bartholomew scores Brandon O'Malley to third Runner from 3rd tries for Home, throw by RF and OUT! 9-2 Willis Morales to second
|
|
Batting: RHB John Evancho
|
0-0: Fly out, F7 (Flyball, 7D, EV 85.0 MPH)
|
| Bottom of the 6th over - 1 run, 3 hits, 0 errors, 1 left on base; Salt Lake 0 - Toledo 1 |
| TOP OF THE 7TH |
|
Salt Lake Bees batting - Pitching for Toledo Mud Hens : RHP Ramiro Silva
|
|
Batting: LHB Brett Bugge
|
0-0: Ball 1-0: Swinging Strike 1-1: Called Strike 1-2: SINGLE (Flyball, 8RS, EV 89.4 MPH)
|
|
Batting: LHB Micah Miller
|
0-0: Swinging Strike 0-1: Ball 1-1: SINGLE (Line Drive, 4M, EV 106.2 MPH) Brett Bugge to second
|
|
Batting: SHB Mario Padron
|
0-0: Called Strike 0-1: Ball 1-1: Foul Ball, location: 2F 1-2: Foul Ball, location: 2F 1-2: Strikes out swinging
|
|
Batting: RHB Kian-tat Chen
|
0-0: Ball 1-0: Called Strike 1-1: Called Strike 1-2: Strikes out swinging
|
|
Batting: RHB Brandon Davis
|
0-0: SINGLE (Groundball, 56D, EV 97.5 MPH) Brett Bugge to third Micah Miller to second Runner from 3rd tries for Home, throw by LF and OUT! 7-2
|
| Top of the 7th over - 0 runs, 3 hits, 0 errors, 2 left on base; Salt Lake 0 - Toledo 1 |
| BOTTOM OF THE 7TH |
|
Toledo Mud Hens batting - Pitching for Salt Lake Bees : RHP Ricky Castillo
|
|
Batting: RHB Eric Garrett
|
0-0: Foul Ball, location: 2F 0-1: Foul Ball, location: 2F 0-2: Strikes out swinging
|
|
Batting: RHB Tony Soto
|
0-0: Called Strike 0-1: DOUBLE (Line Drive, 7LM, EV 110.0 MPH)
|
|
Batting: RHB Adam MacConnell
|
0-0: Swinging Strike 0-1: Ball 1-1: Called Strike 1-2: Ball 2-2: Foul Ball, location: 2F 2-2: Foul Ball, location: 2F 2-2: Ball 3-2: Base on Balls
|
|
Batting: RHB Carlos Armenteros
|
0-0: Called Strike 0-1: Swinging Strike 0-2: Ball 1-2: Strikes out swinging
|
|
Batting: SHB Scott Bartholomew
|
0-0: Foul Ball, location: 2F 0-1: Ball 1-1: Ball 2-1: Foul Ball, location: 2F 2-2: Ball 3-2: Foul Ball, location: 2F 3-2: Strikes out swinging
|
| Bottom of the 7th over - 0 runs, 1 hit, 0 errors, 2 left on base; Salt Lake 0 - Toledo 1 |
| TOP OF THE 8TH |
|
Salt Lake Bees batting - Pitching for Toledo Mud Hens : RHP Ramiro Silva
|
|
Pitching: LHP Ben Saunders
|
|
|
Batting: RHB Josh Faulconer
|
0-0: Ball 1-0: Foul Ball, location: 2F 1-1: Ball 2-1: Ball 3-1: Called Strike 3-2: DOUBLE (Groundball, 5L, EV 106.9 MPH)
|
|
Batting: RHB Timoleon Tsikouna
|
0-0: Ball 1-0: Called Strike 1-1: Ball 2-1: Ball 3-1: Base on Balls
|
|
Batting: LHB Larry Prey
|
0-0: Ball 1-0: Bunted foul 1-1: Reached on error, E1 (Groundball, P, EV 43.8 MPH) Josh Faulconer scores Timoleon Tsikouna to third
|
|
Batting: SHB Butch Brown
|
0-0: Intentional Walk
|
|
Batting: LHB Brett Bugge
|
0-0: Ball 1-0: SINGLE (Line Drive, 7S, EV 108.1 MPH) Timoleon Tsikouna scores Larry Prey to third Butch Brown to second
|
|
Pinch Hitting: RHB Jimmy Buzard
|
0-0: Ball 1-0: Ball 2-0: Swinging Strike 2-1: Swinging Strike 2-2: Strikes out swinging
|
|
Batting: SHB Mario Padron
|
0-0: Ball 1-0: Foul Ball, location: 2F 1-1: SINGLE (Groundball, 56, EV 107.5 MPH) Larry Prey scores Butch Brown to third Brett Bugge to second Runner from 3rd tries for Home, SAFE, throw by LF to home
|
|
Pitching: RHP Ruben Arana
|
|
|
Batting: RHB Kian-tat Chen
|
0-0: Ball 1-0: Swinging Strike 1-1: Swinging Strike 1-2: Strikes out swinging
|
|
Batting: RHB Brandon Davis
|
0-0: Ball 1-0: Ball 2-0: Called Strike 2-1: Foul Ball, location: 2F 2-2: Hit by Pitch Brett Bugge to third Mario Padron to second
|
|
Batting: RHB Josh Faulconer
|
0-0: Fielders Choice at 2nd, 5-4 (Groundball, 56, EV 106.2 MPH)
|
| Top of the 8th over - 4 runs, 3 hits, 1 error, 3 left on base; Salt Lake 4 - Toledo 1 |
| BOTTOM OF THE 8TH |
|
Toledo Mud Hens batting - Pitching for Salt Lake Bees : RHP Ricky Castillo
|
|
Now in RF: Barrfhionn O'Toole
|
|
|
Batting: RHB Brandon O'Malley
|
0-0: Ball 1-0: Fly out, F9 (Line Drive, 9LS, EV 96.2 MPH)
|
|
Batting: SHB Willie Medina
|
0-0: Ball 1-0: Called Strike 1-1: Swinging Strike 1-2: Strikes out swinging
|
|
Batting: RHB Willis Morales
|
0-0: Called Strike 0-1: Foul Ball, location: 2F 0-2: Foul Ball, location: 2F 0-2: Ground out 4-3 (Groundball, 4, EV 87.5 MPH)
|
| Bottom of the 8th over - 0 runs, 0 hits, 0 errors, 0 left on base; Salt Lake 4 - Toledo 1 |
| TOP OF THE 9TH |
|
Salt Lake Bees batting - Pitching for Toledo Mud Hens : RHP Ruben Arana
|
|
Batting: RHB Timoleon Tsikouna
|
0-0: Called Strike 0-1: SINGLE (Groundball, 6MD, EV 99.4 MPH)
|
|
Batting: LHB Larry Prey
|
0-0: Called Strike 0-1: Swinging Strike 0-2: Fielders Choice at 2nd, 4-6 (Groundball, 34, EV 100.0 MPH)
|
|
Batting: SHB Butch Brown
|
0-0: Ball 1-0: Ball 2-0: Ball 3-0: Base on Balls Larry Prey to second
|
|
Batting: LHB Brett Bugge
|
0-0: Foul Ball, location: 2F 0-1: Foul Ball, location: 2F 0-2: Foul Ball, location: 2F 0-2: Strikes out looking
|
|
Batting: LHB Barrfhionn O'Toole
|
0-0: Ball 1-0: Ball 2-0: Ball 3-0: Base on Balls Larry Prey to third Butch Brown to second
|
|
Batting: SHB Mario Padron
|
0-0: Foul Ball, location: 2F 0-1: Ball 1-1: Ball 2-1: Foul Ball, location: 2F 2-2: Foul Ball, location: 2F 2-2: Strikes out swinging
|
| Top of the 9th over - 0 runs, 1 hit, 0 errors, 3 left on base; Salt Lake 4 - Toledo 1 |
| BOTTOM OF THE 9TH |
|
Toledo Mud Hens batting - Pitching for Salt Lake Bees : RHP Ricky Castillo
|
|
Pitching: LHP Vinny Zavala
|
|
|
Batting: RHB John Evancho
|
0-0: Ball 1-0: Fly out, F9 (Flyball, 9, EV 83.1 MPH)
|
|
Batting: RHB Eric Garrett
|
0-0: Ball 1-0: Ball 2-0: Ball 3-0: Base on Balls
|
|
Batting: RHB Tony Soto
|
0-0: Called Strike 0-1: Ground out 6-3 (Groundball, 6MS, EV 77.5 MPH) Eric Garrett to second
|
|
Batting: RHB Adam MacConnell
|
0-0: Called Strike 0-1: Called Strike 0-2: Ball 1-2: SINGLE (Groundball, 34S, EV 67.5 MPH) (infield hit) Eric Garrett to third
|
|
Batting: RHB Carlos Armenteros
|
0-0: Foul Ball, location: 2F 0-1: Swinging Strike 0-2: Strikes out swinging
|
| Bottom of the 9th over - 0 runs, 1 hit, 0 errors, 2 left on base; Salt Lake 4 - Toledo 1 |
|